 Dungeon Crawl Stone Soup version 0.28-a0-305-g9e858e973b (console) character file.

Game seed: 345289981860321734

177616 jejorda2 the Fencer (level 17, 0/231 HPs)
             Began as a Grey Draconian Berserker on Aug 29, 2021.
             Was the Champion of Trog.
             Asphyxiated
             ... on level 4 of the Snake Pit.
             The game lasted 01:39:06 (33498 turns).

jejorda2 the Fencer (Grey Draconian Berserker)     Turns: 33498, Time: 01:39:07

Health: 0/231      AC: 29    Str: 25    XL:     17   Next: 55%
Magic:  17/17      EV: 18    Int: 10    God:    Trog [******]
Gold:   1657       SH: 15    Dex: 16    Spells: 16/16 levels left

rFire   + . .      SeeInvis +   a - +6 demon blade (elec)
rCold   + + .      Faith    +   W - +1 kite shield {AC+3}
rNeg    . . .      Spirit   .   (armour unavailable)
rPois   +          Reflect  .   f - +3 crown of Dyrovepreva {rElec Int+2 SInv}
rElec   +          Harm     .   q - +0 cloak "Fadaholo" {Str+4}
rCorr   .          Rampage  .   n - +2 pair of gloves {archery}
Will    +....                   h - +4 pair of boots of Zudwenk {rC++}
Stlth   ..........              P - amulet of faith
HPRegen 0.48/turn               G - ring of protection from fire
MPRegen 0.15/turn               N - ring of poison resistance

@: berserking (expiring), lethally poisoned (0 -> -3), weakened, slowed,
constricted
A: AC +14, amphibious, unfitting armour, cold-blooded
a: Renounce Religion, Berserk, Trog's Hand, Brothers in Arms


You were on level 4 of the Snake Pit.
You worshipped Trog.
Trog was exalted by your worship.
You visited 4 branches of the dungeon, and saw 27 of its levels.
You also visited: Trove, Ossuary and Gauntlet.

You collected 3755 gold pieces.
You spent 2098 gold pieces at shops.

Inventory:

Hand Weapons
 a - a +6 demon blade of electrocution (weapon)
 b - a +0 scimitar of flaming
 w - a +1 antimagic demon blade
Missiles
 m - 819 stones
 p - 74 poisoned darts
 t - 25 boomerangs (quivered)
 u - 5 throwing nets
 D - 5 curare-tipped darts
 M - 10 javelins
Armour
 f - the +3 crown of Dyrovepreva (worn) {rElec Int+2 SInv}
   (You found it in a treasure trove)

   Int:       It affects your intelligence (+2).
   rElec:     It insulates you from electricity.
   SInv:      It lets you see invisible.
 h - the +4 pair of boots of Zudwenk (worn) {rC++}
   (You found it in a treasure trove)

   rC:        It greatly protects you from cold.
 n - a +2 pair of gloves of archery (worn)
 q - the +0 cloak "Fadaholo" (worn) {Str+4}
   (You found it in a treasure trove)

   Str:       It affects your strength (+4).
 W - a +1 kite shield of protection (worn)
Jewellery
 o - a ring of positive energy
 G - a ring of protection from fire (left hand)
 H - a ring of flight
 N - a ring of poison resistance (right hand)
 O - a ring of protection from fire
 P - an amulet of faith (around neck)
Wands
 F - a wand of digging (3)
Scrolls
 g - 13 scrolls of teleportation
 j - 3 scrolls of fog
 z - 4 scrolls of magic mapping
 B - 3 scrolls of blinking
 E - 2 scrolls of holy word
 J - 2 scrolls of fear
 L - a scroll of silence
 V - 2 scrolls of vulnerability
Potions
 Y - 2 potions of curing


   Skills:
 * Level 14.9 Fighting
 - Level 16.0 Long Blades
 + Level 12.2 Throwing
 + Level 15.2 Dodging
 - Level 4.0 Stealth
 - Level 16.0 Shields
 - Level 6.0 Evocations


You had 16 spell levels left.
You didn't know any spells.
Your spell library was empty.

Dungeon Overview and Level Annotations

Branches:
Dungeon (15/15)            Temple (0/1) D:6            Lair (6/6) D:8
 Shoals (0/4) Lair:4        Snake (4/4) Lair:4        Slime (0/5) Lair:5
    Orc (2/2) D:11            Elf (0/3) Orc:2        Vaults (0/5) D:13
 Depths (0/5) D:15        Ossuary (visited)         Gauntlet (visited)

Altars:
Ashenzari
Fedhas
Gozag
Hepliaklqana
Kikubaaqudgha
Nemelex Xobeh
Uskayaw
Wu Jian
Xom
Zin
Beogh

Shops:
D:2 (   D:6 !   D:11 ?   D:15 ?   Orc:1 [   Orc:2 =(*(**!?(   Snake:1 :

Annotations:
Lair:5 2 transporters


Innate Abilities, Weirdness & Mutations

Your dull iron-grey scales are very hard. (AC +14)
You are amphibious.
You cannot fit into any form of body armour.
You are cold-blooded and may be slowed by cold attacks.


Message History

You slash the naga warrior!
Lightning courses through the naga warrior!
The naga warrior is severely wounded.
You feel sick. You block the anaconda's attack.
The guardian serpent casts a spell at you.
You easily resist.
The naga warrior hits you with a +0 mace!
* * * LOW HITPOINT WARNING * * *
The naga warrior constricts you.
The naga sharpshooter shoots a bolt.
You block the bolt.
You barely miss the naga warrior.
The naga warrior is severely wounded.
You feel sick.
The salamander no longer looks unusually strong.
You block the anaconda's attack.
You block the guardian serpent's attack.
The salamander hits you with a +0 glaive!
* * * LOW HITPOINT WARNING * * *
You are engulfed in flames!
You resist.
* * * LOW HITPOINT WARNING * * *
The naga warrior hits you but does no damage.
The naga warrior constricts you.
Unknown command.
You hit the naga warrior.
The naga warrior is severely wounded.
You feel sick. You block the anaconda's attack.
The guardian serpent casts a spell at you.
The bolt of poison hits you. You resist.
* * * LOW HITPOINT WARNING * * *
The bolt of poison hits the naga sharpshooter.
The naga sharpshooter shoots a bolt.
The bolt closely misses you.
The bolt hits the guardian serpent!!
You closely miss the naga warrior.
The naga warrior is severely wounded.
You feel sick. The anaconda closely misses you.
You block the salamander's attack. The naga warrior spits poison at you.
The splash of poison hits you but does no damage.
You have difficulty breathing.
You die...

..................#.......###....
..........................##.....
...####.....(##.....########.....
..######......#......[....##.....
..##..##......##......[[...#....#
..##..##......#########[...#.....
####..##....###...........##.....
###...##...##..NNN......#####..##
......##...#.NNS@######## #.#
......##...#..SN## #.
...#####..###.NN.N# .
..#####..##.##NN.SN..
..##.....#..###N......#
..##........# ####SN.##
..##)..#...### ...N#
..##..##.....# N...
..##..##.#...# ⌠N..


You could see a naga warrior (curare, catching breath), a nagaraja, 3 naga
sharpshooters, a salamander tyrant, a salamander, an anaconda, a guardian
serpent, 3 naga magi and a naga.

Vanquished Creatures
  Bai Suzhen (Snake:3)
  3 nagarajas
  Donald (Snake:2)
  A stone giant (D:15)
  A minotaur (Gauntlet)
  Nessos (D:12)
  Josephine (D:14)
  Harold (D:9)
  4 boulder beetles
  7 naga warriors
  7 hydras
  3 ogre magi (D:15)
  13 anacondas
  Erolcha (D:9)
  A catoblepas (Lair:6)
  3 centaur warriors
  12 two-headed ogres
  A deep troll shaman (Lair:6)
  15 death yaks
  5 tengu warriors
  7 shock serpents
  3 naga sharpshooters
  3 orc high priests
  Sonja (Lair:4)
  A skeletal warrior (D:15)
  A salamander mystic (Snake:4)
  4 naga ritualists
  8 orc knights
  A lindwurm (shapeshifter) (D:13)
  4 orc sorcerers
  5 deep elf pyromancers
  14 ugly things
  13 mana vipers
  8 cyclopes
  A faun (shapeshifter) (D:13)
  7 salamanders
  7 manticores
  A moth of wrath (Gauntlet)
  11 elephants
  A merfolk siren (Lair:4)
  14 naga magi
  5 guardian serpents
  33 black mambas
  A water nymph (shapeshifter) (D:13)
  Maggie (D:8)
  A gargoyle (D:10)
  12 cane toads
  3 unseen horrors (D:15)
  A komodo dragon (shapeshifter) (D:13)
  3 rime drakes
  2 kobold demonologists
  11 komodo dragons
  A minotaur zombie (Gauntlet)
  2 tengu conjurers (D:15)
  5 trolls
  6 polar bears
  A queen bee (Gauntlet)
  22 blink frogs
  4 dream sheep (Lair:4)
  6 slime creatures
  A blink frog (shapeshifter) (D:13)
  A centaur simulacrum (D:14)
  6 flying skulls (Gauntlet)
  2 shadows
  4 wyverns
  5 vampires
  9 spriggans (Lair:1)
  11 wraiths
  A spriggan (shapeshifter) (D:14)
  A tarantella (shapeshifter) (D:13)
  3 basilisks
  31 yaks
  Grum (D:9)
  A golden eye (shapeshifter) (D:15)
  3 vampire mosquitoes (D:12)
  3 wargs
  5 steam dragons
  20 nagas
  3 acid dragons
  19 water moccasins
  4 black bears (Lair:1)
  2 sky beasts
  35 orc warriors
  13 ogres
  A necrophage (D:5)
  23 wolves
  7 centaurs
  3 phantoms
  4 kobold brigands
  19 bullfrogs
  4 scorpions
  A wyvern skeleton (D:6)
  8 killer bees
  A water moccasin skeleton (D:5)
  4 wights
  4 electric eels
  A howler monkey (D:7)
  A bullfrog zombie (D:5)
  6 centaur zombies
  10 orc priests
  A jelly (Lair:5)
  2 gnoll shamans
  2 hounds
  2 centaur skeletons (D:6)
  3 iguanas
  22 orc wizards
  A killer bee zombie (D:8)
  2 scorpion zombies (D:5)
  3 howler monkey zombies
  2 howler monkey skeletons
  10 gnolls
  10 adders
  A shadow imp (D:5)
  A white imp (D:5)
  2 adder zombies
  A worm (D:3)
  The ghost of Thraspic the Sneak, a weakling FeDe (D:5)
  69 orcs
  6 ball pythons
  17 bats
  3 endoplasms
  3 giant cockroaches (D:2)
  12 goblins
  8 hobgoblins
  3 jackals (D:5)
  17 kobolds
  4 quokkas
  A ball python skeleton (Ossuary)
  6 frilled lizards
  A hobgoblin skeleton (Ossuary)
  A kobold zombie (Ossuary)
  2 orc skeletons (Ossuary)
  3 orc zombies (Ossuary)
  7 rats
827 creatures vanquished.

Vanquished Creatures (collateral kills)
  A hydra (Lair:4)
  A naga warrior (Snake:1)
  A two-headed ogre (D:15)
  3 death yaks (Lair:4)
  2 orc high priests (Orc:2)
  4 skeletal warriors (D:15)
  An orc knight (Orc:2)
  An orc sorcerer (Orc:2)
  2 elephants (Lair:6)
  A naga mage (Snake:1)
  A cane toad (Lair:4)
  An efreet (D:15)
  2 dream sheep (Lair:4)
  A flying skull (Gauntlet)
  3 yaks (Lair:6)
  A warg (D:15)
  3 nagas (Snake:1)
  2 orc warriors
  2 bullfrogs (Lair:4)
  2 jellies (Lair:5)
  An orc priest (Orc:2)
  An orc (D:15)
37 creatures vanquished.

Vanquished Creatures (others)
  An orc (Orc:2)
  16 fungi
  37 plants
54 creatures vanquished.

Grand Total: 918 creatures vanquished

Notes
Turn   | Place    | Note
-------+----------+-------------------------------------------
     0 | D:1      | jejorda2 the Draconian Berserker began the quest for the
                  | Orb.
     0 | D:1      | Reached XP level 1. HP: 19/19 MP: 1/1
   156 | D:1      | Reached XP level 2. HP: 25/26 MP: 2/2
   469 | D:1      | Reached ** piety under Trog
   677 | D:2      | Found Timm's Antique Weapon Boutique.
   737 | D:2      | Reached XP level 3. HP: 33/33 MP: 3/3
  1605 | D:2      | Found a hazy altar of Hepliaklqana.
  1645 | D:2      | Reached XP level 4. HP: 38/40 MP: 4/4
  2574 | D:4      | Found a sand-covered staircase.
  2582 | Ossuary  | Entered an ossuary
  2777 | Ossuary  | Noticed a wraith
  2777 | Ossuary  | Noticed a flying skull
  2810 | Ossuary  | Noticed a flying skull
  2830 | Ossuary  | Reached XP level 5. HP: 47/47 MP: 5/5
  2916 | Ossuary  | Noticed a flying skull
  2922 | Ossuary  | Noticed a wraith
  2930 | Ossuary  | Killed a wraith
  2930 | Ossuary  | Reached *** piety under Trog
  2931 | Ossuary  | Reached skill level 5 in Long Blades
  2931 | Ossuary  | Reached XP level 6. HP: 55/55 MP: 6/6
  3066 | Ossuary  | Noticed a flying skull
  3069 | Ossuary  | Noticed a wraith
  3073 | Ossuary  | Killed a wraith
  3074 | Ossuary  | Reached skill level 5 in Fighting
  3281 | D:4      | Your scales start taking on a dull iron-grey colour.
  3281 | D:4      | Reached XP level 7. HP: 61/61 MP: 7/7
  3739 | D:4      | Noticed a steam dragon
  3742 | D:4      | Killed a steam dragon
  4099 | D:5      | Entered Level 5 of the Dungeon
  4188 | D:4      | Identified a scroll of acquirement
  4188 | D:4      | Acquired a manual of Dodging
  4541 | D:5      | Reached skill level 5 in Dodging
  4604 | D:5      | Found a runed translucent gate.
  4604 | D:5      | Found a runed translucent gate.
  4670 | D:5      | Reached XP level 8. HP: 66/70 MP: 8/8
  4781 | D:5      | Found a runed translucent gate.
  4783 | D:5      | Noticed Thraspic's ghost (weakling FeDe)
  5192 | D:5      | Killed Thraspic's ghost
  5280 | D:6      | Acquired a +1 pair of boots of rampaging
  5311 | D:6      | Noticed a cyclops
  5318 | D:6      | Found a staircase to the Ecumenical Temple.
  5393 | D:6      | Killed a cyclops
  5394 | D:6      | Reached XP level 9. HP: 75/75 MP: 9/9
  5484 | D:6      | Found a broken altar of Ashenzari.
  5576 | D:6      | Reached skill level 1 in Stealth
  5869 | D:6      | Found Ywkuacyi's Distillery.
  5872 | D:6      | Bought a potion of ambrosia for 96 gold pieces
  5872 | D:6      | Bought a potion of might for 48 gold pieces
  6042 | D:7      | Reached skill level 10 in Long Blades
  6143 | D:7      | Reached **** piety under Trog
  6144 | D:7      | Found an opulent altar of Gozag.
  6350 | D:7      | Found a glowing silver altar of Zin.
  6513 | D:7      | Found a hide-covered altar of Uskayaw.
  7532 | D:8      | Noticed Maggie
  7541 | D:8      | Killed Maggie
  7684 | D:8      | Found a staircase to the Lair.
  7685 | D:8      | Noticed a komodo dragon
  7735 | D:8      | Reached XP level 10. HP: 72/83 MP: 10/10
  7897 | D:8      | Found a sparkling altar of Nemelex Xobeh.
  8460 | D:9      | Noticed Erolcha
  8467 | D:9      | Killed Erolcha
  8562 | D:9      | Found a blossoming altar of Fedhas.
  8744 | D:9      | Found an ornate altar of the Wu Jian Council.
  8751 | D:9      | Reached skill level 10 in Dodging
  8793 | D:9      | Noticed Harold
  8804 | D:9      | Killed Harold
  8805 | D:9      | Noticed a cyclops
  8816 | D:9      | Killed a cyclops
  9340 | D:9      | Noticed Grum
  9349 | D:9      | Reached skill level 1 in Evocations
  9353 | D:9      | Killed Grum
  9479 | D:9      | Found a hazy altar of Hepliaklqana.
  9696 | D:10     | Entered Level 10 of the Dungeon
  9696 | D:10     | Noticed a gargoyle
  9712 | D:10     | Killed a gargoyle
  9713 | D:10     | Reached XP level 11. HP: 89/89 MP: 9/11
  9963 | D:10     | Found a portal to a secret trove of treasure.
 10296 | D:11     | Found Plog's Magic Scroll Boutique.
 10322 | D:11     | Identified the ring of Lodeysh {AC+4 Int+4}
 10322 | D:11     | Noticed a boulder beetle
 10333 | D:11     | Killed a boulder beetle
 10616 | D:11     | Noticed a seven-headed hydra
 10628 | D:11     | Killed a seven-headed hydra
 10943 | D:11     | Found a staircase to the Orcish Mines.
 11507 | D:12     | Found a gate leading to a gauntlet.
 11516 | Gauntlet | Entered a Gauntlet
 11516 | Gauntlet | Found a transporter.
 11516 | Gauntlet | Found a transporter.
 11522 | Gauntlet | Found a transporter.
 11534 | Gauntlet | Found a transporter.
 11552 | Gauntlet | Found a transporter.
 11552 | Gauntlet | Found a transporter.
 11552 | Gauntlet | Found a transporter.
 11554 | Gauntlet | Found a transporter.
 11554 | Gauntlet | Found a transporter.
 11561 | Gauntlet | Noticed a wizard
 11565 | Gauntlet | Noticed a wizard
 11569 | Gauntlet | Found a transporter.
 11582 | Gauntlet | Found a transporter.
 11589 | Gauntlet | Noticed a wizard
 11591 | Gauntlet | Noticed a wizard
 11592 | Gauntlet | Found a transporter.
 11606 | Gauntlet | Found a transporter.
 11626 | Gauntlet | Found a transporter.
 11626 | Gauntlet | Noticed an oklob plant
 11709 | Gauntlet | Reached skill level 5 in Evocations
 11751 | Gauntlet | Identified the ring of Laewaups {rF+ rC- Str+6 Stlth+}
 11901 | Gauntlet | Identified the +3 quick blade of Fee Simple {protect, +Rage
                  | rC+ Str-5}
 11942 | Gauntlet | Identified the ring of the Voivode {Fly rN+ Will- Str+3}
 11954 | Gauntlet | Reached XP level 12. HP: 96/96 MP: 9/12
 11997 | Gauntlet | Found the +5 robe of Misfortune {Contam Harm *Corrode Drain
                  | *Slow EV+5}
 11997 | Gauntlet | Noticed a minotaur
 12015 | Gauntlet | Killed a minotaur
 12333 | Gauntlet | Identified the +6 scythe "Nehuutt Qugi" {holy, Contam rC++
                  | Str+8 SInv}
 12546 | D:12     | Noticed Nessos
 12563 | D:12     | Killed Nessos
 12564 | D:12     | Reached skill level 1 in Throwing
 12860 | D:12     | Noticed a boulder beetle
 12869 | D:12     | Killed a boulder beetle
 13032 | D:12     | Identified the +5 lajatang of Scorn {drain, rN+}
 13658 | D:12     | Acquired a +0 hat of see invisible
 13839 | Lair:1   | Entered Level 1 of the Lair of Beasts
 13940 | Lair:1   | Reached ***** piety under Trog
 13951 | Lair:1   | Found a shimmering altar of Xom.
 14012 | Lair:1   | Reached skill level 15 in Long Blades
 14186 | Lair:1   | Noticed a four-headed hydra
 14186 | Lair:1   | Noticed an eight-headed hydra
 14204 | Lair:1   | Killed a four-headed hydra
 14205 | Lair:1   | Reached skill level 1 in Shields
 14212 | Lair:1   | Killed an eight-headed hydra
 14213 | Lair:1   | Reached XP level 13. HP: 82/107 MP: 13/13
 14654 | Lair:1   | Reached skill level 5 in Throwing
 14785 | Lair:1   | Identified the +7 quick blade of Kiuxotha {vorpal, rPois}
                  | (Trog gifted it to you on level 1 of the Lair of Beasts)
 14785 | Lair:1   | Received a gift from Trog
 15481 | D:11     | Bought a scroll of acquirement for 572 gold pieces
 15482 | D:11     | Acquired the amulet "Jenenag" {Reflect rElec Slay+3 SH+5}
 17784 | Lair:4   | Reached skill level 10 in Fighting
 17821 | Lair:4   | Noticed Sonja
 17831 | Lair:4   | Found a staircase to the Snake Pit.
 17853 | Lair:4   | Killed Sonja
 18480 | Lair:4   | Reached XP level 14. HP: 56/124 MP: 14/14
 18993 | Lair:4   | Found a broken altar of Ashenzari.
 19099 | Lair:4   | Found a staircase to the Shoals.
 19388 | Lair:5   | Found a transporter.
 19392 | Lair:5   | Found a transporter.
 19831 | Lair:5   | Found a staircase to the Slime Pits.
 20104 | Lair:6   | Entered Level 6 of the Lair of Beasts
 20233 | Lair:6   | Reached skill level 5 in Shields
 20792 | Lair:6   | Found the +5 sword of Power {vorpal}
 21803 | Lair:6   | Reached skill level 10 in Throwing
 21803 | Lair:6   | Reached XP level 15. HP: 132/132 MP: 15/15
 22395 | Orc:1    | Entered Level 1 of the Orcish Mines
 22670 | Orc:2    | Entered Level 2 of the Orcish Mines
 22670 | Orc:2    | Found a staircase to the Elven Halls.
 22688 | Orc:2    | Found Xekhal's Weapon Boutique.
 22710 | Orc:2    | Found Fimegom's Distillery.
 22796 | Orc:2    | Found Foazuliapt's Jewellery Shoppe.
 22894 | Orc:2    | Received a gift from Trog
 23619 | Orc:2    | Found Ahora's Weapon Emporium.
 23619 | Orc:2    | Found Iwuov's General Store.
 23813 | Orc:2    | Found Notaodai's General Store.
 23813 | Orc:2    | Found Nisy's General Store.
 24082 | Orc:2    | Found Waerin's Magic Scroll Shoppe.
 24132 | Orc:2    | Found Ogroshra's Weapon Shoppe.
 24220 | Orc:2    | Bought a wand of acid (9) for 364 gold pieces
 24220 | Orc:2    | Bought a potion of curing for 42 gold pieces
 24316 | D:11     | Bought a scroll of enchant armour for 82 gold pieces
 24411 | Orc:2    | Bought 3 scrolls of enchant armour for 315 gold pieces
 24505 | Orc:2    | Bought a potion of curing for 51 gold pieces
 24678 | D:6      | Bought a potion of curing for 36 gold pieces
 24678 | D:6      | Bought a potion of cancellation for 96 gold pieces
 24678 | D:6      | Bought a potion of curing for 36 gold pieces
 24678 | D:6      | Bought a potion of mutation for 96 gold pieces
 25128 | Orc:1    | Found Qoeninte's Armour Shoppe.
 25139 | Orc:1    | Bought a +1 buckler of protection for 264 gold pieces
 25496 | D:12     | Acquired 659 gold pieces
 25498 | D:12     | Acquired a manual of Shields
 25929 | D:13     | Found a gate to the Vaults.
 25952 | D:13     | Received a gift from Trog
 26026 | D:13     | Found a glowing silver altar of Zin.
 26592 | D:14     | Reached skill level 10 in Shields
 26669 | D:14     | Noticed Josephine
 26675 | D:14     | Killed Josephine
 26826 | D:14     | You fall into a shaft and drop 1 floor!
 26826 | D:15     | Entered Level 15 of the Dungeon
 26826 | D:15     | Found an ancient bone altar of Kikubaaqudgha.
 27101 | D:15     | Identified the +3 dagger of Toppenaserph {flame, Str+4}
 27203 | D:15     | Found Gogeq's Magic Scroll Shoppe.
 27614 | D:15     | Reached XP level 16. HP: 139/139 MP: 16/16
 27641 | D:15     | Received a gift from Trog
 27946 | D:15     | Reached skill level 15 in Shields
 27948 | D:15     | Found a staircase to the Depths.
 28934 | Snake:1  | Entered Level 1 of the Snake Pit
 29514 | Snake:1  | Found Mafosoij's Book Boutique.
 30222 | Snake:2  | Noticed Donald
 30240 | Snake:2  | Killed Donald
 30544 | Snake:2  | You fall into a shaft and drop 1 floor!
 31188 | Snake:3  | Noticed Bai Suzhen
 31202 | Snake:3  | Killed Bai Suzhen
 31203 | Snake:3  | Reached XP level 17. HP: 150/150 MP: 17/17
 31208 | Snake:3  | Received a gift from Trog
 31964 | Snake:3  | Reached skill level 15 in Dodging
 32120 | Snake:4  | Entered Level 4 of the Snake Pit
 32138 | Snake:4  | Found a hazy altar of Hepliaklqana.
 32697 | Snake:4  | Reached ****** piety under Trog
 32712 | Snake:4  | Received a gift from Trog
 33006 | D:10     | You paid a toll of 18 potions of curing to enter a treasure
                  | trove
 33007 | Trove    | Entered a treasure trove
 33024 | Trove    | Identified the +2 hat of the Blacksmith {rElec Str+5}
 33029 | Trove    | Found the +3 crown of Dyrovepreva {rElec Int+2 SInv}
 33033 | Trove    | Identified the +4 pair of boots of Zudwenk {rC++}
 33063 | Trove    | Identified the +0 cloak "Fadaholo" {Str+4}
 33496 | Snake:4  | HP: 10/231 [salamander (7)]
 33498 | Snake:4  | Asphyxiated

Illustrated notes

Levels and vault maps discovered:
D:1:      matt_arrival_grand_opening, layout_rooms, chequers_mini_garden
D:2:      layout_loops_corners, serial_shops,
          nicolae_shop_temple_entry_statues_fountains, basic_altar
D:3:      layout_loops_cross
D:4:      layout_basic, chequers_ossuary_entry_cave, minmay_joined_circles
D:5:      layout_gridville, ebering_ghost_rock_garden
D:6:      layout_gridville, nicolae_ashenzari_skybound,
          minmay_temple_entry_glass, serial_shops, nicolae_shop_behind_doors,
          st_stairs_5
D:7:      layout_basic, mainiacjoe_overflow_catwalk,
          mainiacjoe_overflow_six_doors_small,
          nicolae_uskayaw_murder_on_the_dancefloor
D:8:      layout_basic, mainiacjoe_overflow_concentric_impassable,
          david_lair_shrubbed, st_stairs_5, skrybe_limestone_x, uniq_maggie
D:9:      layout_loops_corners, nzn_hepliaklqana_mist_gate, old_standard_altar,
          mainiacjoe_overflow_brackets, uniq_erolcha, uniq_harold, uniq_grum
D:10:     layout_small_grid, enter_trove_1
D:11:     layout_basic, david_orc_2, serial_shops, shop, minmay_diced_spiral
D:12:     minmay_wavy_crystal, layout_stronghold, gauntlet_entry_generic,
          uniq_nessos
D:13:     layout_big_octagon, david_vaults_2, serial_bayou_pond_a, zin_angel
D:14:     layout_roguey, uniq_josephine
D:15:     grunt_enter_depths_snipers, layout_gridville, serial_shops,
          nicolae_shop_trees, kiku_gazebo_pond_becter, hangedman_batty
Lair:1:   kb_forest_paths, layout_loops_ring, basic_altar, beast_lair_carwin_4
Lair:2:   layout_layer_cave, infiniplex_staircase_pool_2
Lair:3:   layout_regular_city, lemuel_fruit_fields
Lair:4:   layout_misc_corridors, minmay_shoals_entry_lonely_mermaid,
          guppyfry_snake_entry_garden, basic_altar, cheibrodos_lair_reptile_den,
          grunt_megastairs_3, lemuel_fruit_tree, uniq_sonja
Lair:5:   gammafunk_boulding_lane, layout_gridlike, minmay_slime_entry_pillars,
          nicolae_lair_grove_arrangements
Lair:6:   grunt_lair_end_beastmaster, layout_cave_pods,
          nicolae_quartered_pool_medium
Snake:1:  layout_onion_interference, serial_shops, nicolae_shop_window_shopping,
          grunt_megastairs_5, serial_bayou_shore_b
Snake:2:  layout_grid_maze, uniq_donald
Snake:3:  layout_rooms, serial_bayou_shore_b, uniq_bai_suzhen
Snake:4:  grunt_snake_rune_serpentine_throne, layout_cave_shapes, basic_altar,
          nicolae_snake_yet_another_twisty_hallway, grunt_ministairs_3,
          nicolae_snake_gridmaze_swirls, nicolae_snake_gridmaze_tees,
          minmay_shop_grove
Orc:1:    layout_caves, serial_shops, nicolae_lakefront_shop
Orc:2:    grunt_orc_tribal_feast, layout_diamond_mine, basic_altar,
          serial_shops, nicolae_shop_window_shopping, shop,
          nicolae_shop_crystal, nicolae_shop_behind_doors,
          nicolae_lakefront_shop, mines2_david

Skill      XL: |  1  2  3  4  5  6  7  8  9 10 11 12 13 14 15 16 17 |
---------------+----------------------------------------------------+-----
Dodging        | 3 4 5 7 9 11 12 13 14 15 | 15.2
Long Blades    | 4 5 6 7 9 11 12 14 15 16 | 16.0
Fighting       | 4 5 6 7 11 12 13 14 | 14.9
Stealth        | 3 4 |  4.0
Evocations     | 2 5 6 |  6.0
Throwing       | 4 6 10 12 | 12.2
Shields        | 1 4 7 13 16 | 16.0

Action                   |  1- 3 |  4- 6 |  7- 9 | 10-12 | 13-15 | 16-18 || total
-------------------------+-------+-------+-------+-------+-------+-------++-------
Melee: Falchion          |   133 |    83 |       |       |       |       ||   216
       Tailslap          |    12 |    13 |    32 |    98 |   242 |   137 ||   534
       Scimitar          |       |    15 |   210 |   492 |   662 |       ||  1379
       Short sword       |       |       |       |     4 |       |       ||     4
       Quick blade       |       |       |       |    13 |    66 |       ||    79
       Demon blade       |       |       |       |       |   593 |   744 ||  1337
Throw: Stone             |       |       |    12 |       |       |       ||    12
       Dart              |       |       |       |    24 |    86 |       ||   110
       Boomerang         |       |       |       |       |    38 |    39 ||    77
Invok: Berserk           |       |     4 |     9 |    16 |    15 |    10 ||    54
       Trog's Hand       |       |       |     1 |     4 |     1 |     2 ||     8
       Brothers in Arms  |       |       |       |     2 |     4 |     2 ||     8
Evoke: Wand              |       |       |       |       |       |     1 ||     1
  Use: Scroll            |       |     2 |    17 |     7 |    12 |     7 ||    45
       Potion            |       |       |       |       |     1 |     3 ||     4
 Stab: Sleeping          |     1 |       |     5 |     9 |    14 |    11 ||    40
       Petrified         |       |       |       |       |     3 |       ||     3
       Petrifying        |       |       |       |       |     2 |       ||     2
       Distracted        |       |       |       |       |     1 |     2 ||     3
Armor: Skin              |    52 |    32 |    82 |   195 |   266 |   138 ||   765
Dodge: Dodged            |   106 |    43 |   134 |   330 |   585 |   236 ||  1434
Block: Buckler           |       |       |       |       |   354 |       ||   354
       Kite shield       |       |       |       |       |   224 |   541 ||   765
       Reflection        |       |       |       |       |    15 |    25 ||    40

Table legend: (Time is in decaauts)
 A = Elapsed time spent in this place.
 B = Non-inter-level travel time spent in this place.
 C = Inter-level travel time spent in this place.
 D = Time resting spent in this place.
 E = Time spent auto-exploring this place.
 F = Levels seen in this place.
 G = Mean time per level.
                   A        B        C        D        E       F      G
               +--------+--------+--------+--------+--------+-----+--------+
         Total |  33122 |  29773 |   3349 |   5730 |  18429 |  30 | 1104.1 |
       Dungeon |  16832 |  14916 |   1916 |   2147 |  10174 |  15 | 1122.1 |
          Lair |   8184 |   7571 |    613 |   1259 |   5072 |   6 | 1364.0 |
     Snake Pit |   3873 |   3468 |    405 |    840 |   1738 |   4 |  968.2 |
  Orcish Mines |   2573 |   2160 |    413 |    600 |   1095 |   2 | 1286.5 |
         Trove |     80 |     80 |      0 |      0 |      2 |   1 |   80.0 |
       Ossuary |    627 |    627 |      0 |    268 |    218 |   1 |  627.0 |
      Gauntlet |    951 |    951 |      0 |    614 |    130 |   1 |  951.0 |
               +--------+--------+--------+--------+--------+-----+--------+

Top non-repeatable levels by time:
     D:8: 2069 daAuts
  Lair:6: 1803 daAuts
   Orc:2: 1781 daAuts
  Lair:4: 1613 daAuts
     D:9: 1515 daAuts
    D:12: 1433 daAuts
    D:15: 1352 daAuts
    D:11: 1351 daAuts
  Lair:3: 1308 daAuts
  Lair:2: 1255 daAuts
  Lair:1: 1229 daAuts
     D:4: 1198 daAuts
     D:2: 1188 daAuts
 Snake:2: 1160 daAuts
 Snake:3: 1071 daAuts
